 Dungeon Crawl Stone Soup version 0.31.0-11-ge490571c62 (webtiles) character file.

Game seed: 156795471875866651

70 qw the Shooter (level 4, -2/22 HPs)
             Began as a Spriggan Hunter on Feb 3, 2024.
             Succumbed to an adder's poison
             ... on level 2 of the Dungeon.
             The game lasted 00:00:04 (940 turns).

qw the Shooter (Spriggan Hunter)                     Turns: 940, Time: 00:00:04

Health: -2/22      AC:  2    Str:  7    XL:     4   Next: 3%
Magic:  5/5        EV: 19    Int: 10    God:
Gold:   61         SH:  0    Dex: 20    Spells: 3/3 levels left

rFire   . . .        a - +0 shortbow
rCold   . . .        (shield currently unavailable)
rNeg    . . .        c - +0 robe
rPois   .            (helmet restricted)
rElec   .            (no cloak)
rCorr   .            (gloves unavailable)
SInv    +            (boots unavailable)
Will    .....        (no amulet)
Stlth   ++           (no ring)
HPRegen 0.23/turn    (no ring)
MPRegen 0.09/turn

%: no passive effects
@: lethally poisoned (-2 -> -13), very quick
A: very small, no large weapons, unfitting armour, see invisible, speed 3
a: no special abilities


You were on level 2 of the Dungeon.
You visited 1 branch of the dungeon, and saw 2 of its levels.

You collected 61 gold pieces.


Innate Abilities, Weirdness & Mutations

You are very small and have problems with some larger weapons.
You are too small for most types of armour.
You have supernaturally acute eyesight. (SInv)
You cover ground extremely quickly. (Speed+++)


   Skills:
 - Level 1.5 Fighting
 - Level 5.0 Ranged Weapons
 + Level 4.3 Dodging
 - Level 1.5 Stealth


You had 3 spell levels left.
You didn't know any spells.
Your spell library was empty.

Inventory:

Hand Weapons
 a - a +0 shortbow (weapon)
Armour
 c - a +0 robe (worn)
Potions
 b - a potion of lignification {unknown}
 e - a potion of brilliance {unknown}
 f - a potion of curing {unknown}
 g - a potion of might {unknown}
 h - a potion of ambrosia {unknown}

Dungeon Overview and Level Annotations

Branches:
Dungeon (2/15)

Altars:

Shops:
D:1 *


Message History

A dart slug comes into view.
The adder barely misses you.
You shoot an arrow. The arrow hits the ball python!
You kill the ball python!
The adder barely misses you.
You shoot an arrow. The arrow misses the adder.
The adder closely misses you. The adder misses you.
You shoot an arrow. The arrow hits the adder!
The adder is almost dead.
The adder completely misses you. The adder barely misses you.
You shoot an arrow. The arrow misses the adder.
The adder completely misses you.
You shoot an arrow. The arrow misses the adder.
The adder barely misses you. The adder closely misses you.
You shoot an arrow. The arrow misses the adder.
The arrow hits the dart slug.
The dart slug is moderately wounded.
The adder bites you.
You are poisoned.
The adder poisons you!
You shoot an arrow. The arrow barely misses the adder.
The arrow hits the dart slug.
The dart slug is moderately wounded.
You feel sick. The adder bites you.
You are lethally poisoned!
The adder poisons you! The adder bites you.
You are more poisoned.
The adder poisons you!
You shoot an arrow. The arrow barely misses the adder.
You feel very sick. The adder completely misses you.
The dart slug launches a dart at you. The slug dart misses you.
You shoot an arrow. The arrow hits the adder.
You kill the adder!
You feel very sick.
The dart slug bites you but does no damage.
You have reached level 4!
You shoot an arrow. The arrow hits the dart slug!
You kill the dart slug!
You die...

#...............# #
................##.. .[
...........|........ %..
#...............##.#....
#)..............# .#..
#...............##...
..#####+##......#..# ..#
#.....[%%.#%.#
..############%.@%.#
....<#...........#...#
#....#.####......# #....
#....#.#..)....#.# ##.
#....#.#.........#
#....#.#.#..######
##(..#.#.#.##.....
.#...#.# #........
.#...#.# #........


There were no monsters in sight!

Vanquished Creatures
  3 adders (D:2)
  5 dart slugs
  A ribbon worm (D:2)
  4 ball pythons
  2 endoplasms (D:1)
  3 giant cockroaches (D:1)
  2 goblins
  2 hobgoblins
  2 kobolds (D:1)
  2 bats (D:2)
  3 frilled lizards
  6 rats
35 creatures vanquished.

Notes
Turn   | Place    | Note
-------+----------+-------------------------------------------
     0 | D:1      | qw the Spriggan Hunter began the quest for the Orb.
     0 | D:1      | Reached XP level 1. HP: 10/10 MP: 2/2
     0 | D:1      | 0 ||| qw: Version: 0.3-a-157-g843a77d
     0 | D:1      | 0 ||| qw: Game counter: 3766
     0 | D:1      | 0 ||| qw: Melee chars always use a shield: true
     0 | D:1      | 0 ||| qw: God list: Okawaru
     0 | D:1      | 0 ||| qw: Allow faded altars: false
     0 | D:1      | 0 ||| qw: Do Orc after clearing Dungeon:15 true
     0 | D:1      | 0 ||| qw: Do second Lair branch before Depths: true
     0 | D:1      | 0 ||| qw: Lair rune preference: random
     0 | D:1      | 0 ||| qw: Goals: Normal
     0 | D:1      | 0 ||| PLANNING D:1-11
    22 | D:1      | Reached skill level 3 in Dodging
    95 | D:1      | Reached XP level 2. HP: 14/14 MP: 3/3
   280 | D:1      | Reached XP level 3. HP: 16/18 MP: 4/4
   321 | D:1      | Found Viameyr's General Store.
   330 | D:1      | 330 ||| SHOPLISTING amulet of regeneration (360 gold, have
                  | 51).
   330 | D:1      | 330 ||| SHOPLISTING potion of mutation (96 gold, have 51).
   486 | D:1      | 486 ||| READING 2 scrolls labelled OMAAPO RUEMI.
   487 | D:1      | 487 ||| READING scroll labelled BACVAZAIPN.
   488 | D:1      | 488 ||| DROPPING scroll of butterflies.
   489 | D:1      | 489 ||| DROPPING scroll of blinking.
   927 | D:2      | Reached skill level 5 in Ranged Weapons
   938 | D:2      | HP: 4/18 [poisoned by an adder]
   939 | D:2      | HP: 1/18 [poisoned by an adder]
   940 | D:2      | Reached XP level 4. HP: 2/22 MP: 5/5
   940 | D:2      | Succumbed to an adder's poison

Levels and vault maps discovered:
D:1:      amcnicky_arrival_choice, layout_rooms, serial_shops,
          nicolae_shop_crystal
D:2:      layout_basic, serial_shops, shop, basic_altar, nicolae_titane

Skill      XL: |  1  2  3 |
---------------+----------+-----
Dodging        | 3 4 |  4.3
Ranged Weapons | 5 |  5.0
Fighting       | |  1.5
Stealth        | |  1.5

Action                     |  1- 3 |  4- 6 || total
---------------------------+-------+-------++-------
   Fire: Shortbow          |   108 |     1 ||   109
    Use: Scroll            |     2 |       ||     2
 Armour: Robe              |    16 |       ||    16
  Dodge: Dodged            |    46 |       ||    46

Table legend:
 A = Non-vault XP
 B = Vault XP
 C = Vault XP percentage of total XP
 D = Non-vault monster count
 E = Vault monster count
 F = Vault count percentage of total count
                 A         B        C        D         E       F
            +---------+---------+-------+---------+---------+-------
      Total |     104 |       0 |   0.0 |      35 |       0 |   0.0
            +---------+---------+-------+---------+---------+-------
        D:1 |      43 |       0 |   0.0 |      21 |       0 |   0.0
        D:2 |      61 |       0 |   0.0 |      14 |       0 |   0.0
            +---------+---------+-------+---------+---------+-------
